 Dungeon Crawl Stone Soup version 0.31.0-11-ge490571c62 (webtiles) character file.

Game seed: 16039893888553512992

209 Silvore the Covered (level 5, 0/40 (41) HPs)
             Began as a Demonspawn Fighter on Feb 11, 2024.
             Succumbed to a scorpion's poison
             ... on level 6 of the Dungeon.
             The game lasted 00:03:56 (3088 turns).

Silvore the Covered (Demonspawn Fighter)            Turns: 3088, Time: 00:03:57

HP:   0/40 (41)     AC:  7    Str: 18    XL:     5   Next: 55%
MP:   1/5           EV: 10    Int:  9    God:
Gold: 129           SH:  6    Dex: 18    Spells: 4/4 levels left

rFire   + . .        a - +1 long sword
rCold   x . .        c - +1 buckler
rNeg    . . .        b - +0 scale mail
rPois   .            (no helmet)
rElec   .            (no cloak)
rCorr   .            (no gloves)
SInv    .            (no boots)
Will    .....        h - amulet of guardian spirit Stlth
                     i - ring of fire
HPRegen 0.26/turn    f - +6 ring of dexterity
MPRegen 0.09/turn

%: guardian spirit
@: lethally poisoned (0 -> -1), studying Dodging, lightly drained
A: hooves 2, weakness stinger 2
a: no special abilities


You were on level 6 of the Dungeon.
You visited 1 branch of the dungeon, and saw 6 of its levels.

You collected 129 gold pieces.

Inventory:

Hand Weapons
 a - a +1 long sword (weapon)
Missiles
 n - a throwing net (quivered)
Armour
 b - a +0 scale mail (worn)
 c - a +1 buckler (worn)
 p - an orb of wrath
Jewellery
 f - a +6 ring of dexterity (right hand)
 h - an amulet of guardian spirit (around neck)
 i - a ring of fire (left hand)
 q - a ring of willpower
Wands
 l - a wand of light (13)
Scrolls
 j - a scroll of teleportation
Potions
 d - a potion of might
 e - 3 potions of lignification {unknown}
 g - 3 potions of curing
 k - a potion of resistance {unknown}
 m - 2 potions of heal wounds {unknown}


   Skills:
 + Level 3.4 Fighting
 + Level 3.2 Long Blades
 + Level 4.0 Armour
 + Level 1.7 Dodging
 + Level 0.1 Stealth
 + Level 3.3 Shields


You had 4 spell levels left.
You didn't know any spells.
Your spell library contained the following spells:

 Spells                   Type           Power      Damage    Failure   Level
 Magic Dart               Conj           0%         1d3       85%         1
 Shock                    Conj/Air       0%         1d3       85%         1
 Blink                    Tloc           0%         N/A       94%         2
 Call Imp                 Summ           0%         N/A       94%         2
 Swiftness                Air            0%         N/A       99%         3
 Airstrike                Air            0%         2d(0-16)  100%        4


Dungeon Overview and Level Annotations

Branches:
Dungeon (7/15)
 Temple: D:4-7

Altars:
Cheibriados

Shops:
D:3 [   D:7 [

Annotations:
D:7 Dowan, Duvessa, Maurice


Innate Abilities, Weirdness & Mutations

You have hoof-like feet.
You have a tail ending in a sharp stinger.


Message History

The scorpion attacks as it pursues you! The scorpion stings you.
You are poisoned.
The scorpion poisons you!
You feel very sick.
Found a hand axe.
You feel very sick. The scorpion attacks as it pursues you!
You block the scorpion's attack.
Maurice mumbles some strange words.
Maurice blinks!
The scorpion misses you.
Duvessa says, "When magic and the sword combine, nothing stands against them."
You feel sick. The scorpion closely misses you. You block Duvessa's attack.
There is a stone staircase leading up here.
You feel sick. You block the bullfrog's attack.
You block the scorpion's attack.
The bullfrog hits you but does no damage.
Duvessa hits you with a +0 rapier of draining.
* * * LOW HITPOINT WARNING * * *
You feel drained.
* * * LOW HITPOINT WARNING * * *
You climb upwards.
The orc shouts! x2
You feel sick.
Found a bone wand and a scroll of identify.
There is a stone staircase leading down here.
As you read the scroll of teleportation, it crumbles to dust.
You feel strangely unstable.
You feel sick.
The bullfrog hits you but does no damage.
The scorpion stings you but does no damage.
You block the orc's attack.
The orc hits you with a +1 falchion of electrocution.
* * * LOW HITPOINT WARNING * * *
You feel sick. The bullfrog attacks as it pursues you!
You block the bullfrog's attack.
The scorpion stings you but does no damage.
The bullfrog hits you but does no damage.
A white imp comes into view.
You feel sick. You block the scorpion's attack. The scorpion stings you.
* * * LOW HITPOINT WARNING * * *
Your surroundings seem slightly different.
You die...

... #....
#..#..?..#
....5...#
###.......#
#.#####.........#
#...............#
#..@.......
#.....oos######.#
#.#./..oF.ยง.....#
#.#..##########.#
# #..# ##.# .# ##


You could see a bullfrog, a scorpion, a white imp (wandering) and 3 orcs.

Vanquished Creatures
  A bombardier beetle (D:3)
  A hound (D:4)
  4 gnolls (D:3)
  4 adders
  4 ribbon worms
  7 endoplasms
  3 giant cockroaches
  6 goblins
  5 hobgoblins
  4 jackals
  2 quokkas
  9 ball pythons
  8 bats
  A frilled lizard (D:2)
  4 kobolds
  3 rats
66 creatures vanquished.

Notes
Turn   | Place    | Note
-------+----------+-------------------------------------------
     0 | D:1      | Silvore the Demonspawn Fighter began the quest for the Orb.
     0 | D:1      | Reached XP level 1. HP: 18/18 MP: 1/1
   134 | D:1      | Discovered your monstrous ancestry.
   134 | D:1      | Gained mutation: You have a small tail. [demonic ancestry]
   134 | D:1      | Reached XP level 2. HP: 22/24 MP: 2/2
   281 | D:1      | Reached skill level 3 in Armour
   294 | D:1      | Found a faded altar of an unknown god.
  1127 | D:1      | Identified a scroll of acquirement
  1127 | D:1      | Acquired a manual of Dodging
  1418 | D:2      | Gained mutation: You have large cloven feet. [demonic
                  | ancestry]
  1418 | D:2      | Reached XP level 3. HP: 27/29 MP: 1/3
  1498 | D:2      | Reached skill level 1 in Dodging
  1856 | D:2      | Found a snail-covered altar of Cheibriados.
  1923 | D:2      | Gained mutation: You have a tail ending in a sharp stinger.
                  | [demonic ancestry]
  1923 | D:2      | Reached XP level 4. HP: 35/35 MP: 4/4
  2708 | D:3      | Gained mutation: You have hoof-like feet. [demonic
                  | ancestry]
  2708 | D:3      | Reached XP level 5. HP: 41/41 MP: 5/5
  2722 | D:3      | Found Isesoam's Armour Emporium.
  3031 | D:4      | Reached skill level 4 in Armour
  3039 | D:4      | You fall into a shaft and drop 3 floors!
  3057 | D:7      | Noticed Maurice
  3075 | D:7      | Noticed Dowan
  3077 | D:7      | Found Rurghud's Armour Shoppe.
  3079 | D:7      | Noticed Duvessa
  3087 | D:6      | HP: 1/40 [scorpion (4)]
  3088 | D:6      | Succumbed to a scorpion's poison

Illustrated notes

Levels and vault maps discovered:
D:1:      minmay_arrival_radiant_lines, layout_basic, serial_bayou,
          serial_bayou_lagoon_a, serial_bayou_pond_b, serial_bayou_shore_b,
          serial_bayou_pond_a, shapermc_ecumenical_altar_gd
D:2:      layout_basic, basic_altar
D:3:      layout_loops_cross, elyvilon_altar_3, serial_shops, shop
D:4:      layout_loops_ring, zin_purify, uniq_menkaure, uniq_blork_the_orc,
          uniq_eustachio
D:6:      layout_basic, old_standard_altar, uniq_edmund
D:7:      layout_cave_pools, mainiacjoe_overflow_cross_hatched,
          minmay_temple_entry_glassed_door, minmay_misc_feat_columns,
          minmay_misc_feat_roman, nicolae_stop_n_shop_1, minmay_small_thing,
          uniq_maurice, uniq_duvessa

Skill      XL: |  1  2  3  4  5 |
---------------+----------------+-----
Long Blades    | 2 3 |  3.2
Armour         | 3 4 |  4.0
Shields        | 3 |  3.3
Dodging        | 1 |  1.7
Fighting       | |  3.4
Stealth        | |  0.1

Action                     |  1- 3 |  4- 6 || total
---------------------------+-------+-------++-------
  Melee: Long sword        |   116 |    51 ||   167
         Tailslap          |     8 |     7 ||    15
         Kick              |     9 |    12 ||    21
    Use: Scroll            |     4 |     6 ||    10
 Armour: Scale mail        |   101 |    48 ||   149
  Dodge: Dodged            |    58 |    29 ||    87
  Block: Buckler           |    39 |    23 ||    62
